Construct Infanterie Kompanie
Construct Luftwaffe Kompanie
Flak 30 Anti-aircraft Gun Team
Luftwaffe Officer Quarters
Flak 30 Anti-aircraft Gun Team
Marder III M Tank Destroyer
Selects Mechanized Battlegroup
Selects Mobile Repair Stations
Selects Wespe Self-propelled Artillery
Wespe Self-propelled Artillery
Wespe Self-propelled Artillery
Selects 8 Rad Armored Car
Marder III M Tank Destroyer
Wespe Self-propelled Artillery
Selects Panther Heavy Tank